AoeStats
← CazadorGT

Arabia

508526116Analyzed
2v2 RM · 11d ago on Sep 22, 2026· 26m 40s· 4 players
Game mode
Random Map
Map size
Medium (4 player)
Population
200
Speed
Normal
Resources
Standard
Victory
Conquest
Starting age
Dark Age
Ending age
Imperial Age
RankedLock teamsTeams togetherTeam positionsShared explorationLock speedFull tech treeHidden civsTurbo modeCheats
Victory
Defeat
🇬🇹 Huns · Guatemala
1139
+16
🇻🇪 Ethiopians · Venezuela
1068
+19
🇨🇴 Varangians · Colombia
1150
-18
🇻🇪 Bohemians · Venezuela
1129
-17
kevinrgarciab
12:08 Feudal Age
21:22 Castle Age
21:59 Double-Bit Axe
21:56 Horse Collar
23:08 Bow Saw
26:11 Wheelbarrow
25:51 Fletching
26:05 Scale Mail Armor
COL | TheFaura
2:00 Loom
9:23 Feudal Age
9:56 Double-Bit Axe
21:07 Castle Age
19:51 Bloodlines
21:28 Scale Barding Armor
22:17 Wheelbarrow
CazadorGT
5:35 Loom
6:23 Loom
8:53 Feudal Age
9:26 Double-Bit Axe
11:22 Scale Barding Armor
13:07 Forging
15:33 Horse Collar
18:01 Bloodlines
22:14 Castle Age
22:05 Gold Mining
22:55 Husbandry
23:18 Chain Barding Armor
26:22 Town Watch
dejame_ganar
6:32 Loom
8:49 Feudal Age
10:43 Double-Bit Axe
12:42 Town Watch
17:53 Padded Archer Armor
18:31 Fletching
24:15 Castle Age
24:30 Crossbowman
25:21 Bodkin Arrow
25:41 Leather Archer Armor
25:47 Thumb Ring
26:06 Squires
Connection lost

Rejoining the realm…

Still unreachable

The connection could not be restored.

Session expired

The server has moved on; the page needs a fresh start.